 Dungeon Crawl Stone Soup version 0.30-a0-802-gb92711bcdf (webtiles) character file.

Game seed: 623077390225233376

1152 domi the Destroyer (level 8, -4/52 HPs)
             Began as a Demonspawn Conjurer on Feb 23, 2023.
             Was an Initiate of Gozag.
             Slain by Pikel
             ... wielding a +1 whip of electrocution
              (13 damage)
             ... on level 7 of the Dungeon.
             The game lasted 00:14:38 (7621 turns).

domi the Destroyer (Demonspawn Conjurer)            Turns: 7621, Time: 00:14:38

Health: -4/52      AC:  6    Str:  8    XL:     8   Next: 16%
Magic:  0/11       EV: 12    Int: 21    God:    Gozag
Gold:   277        SH:  4    Dex: 12    Spells: 3/11 levels left

rFire   . . .      SeeInvis .    v - +0 dagger (venom)
rCold   . . .      Faith    .    (no shield)
rNeg    . . .      Spirit   +    a - +0 robe
rPois   .          Reflect  .    e - +1 helmet
rElec   .          Harm     .    x - +0 cloak
rCorr   .          Rampage  .    (no gloves)
Will    .....                    b - +0 pair of boots
Stlth   ++                       j - amulet of guardian spirit {Spirit}
HPRegen 0.28/turn                (no ring)
MPRegen 0.12/turn                (no ring)

@: no status effects
A: hooves 1, foul stench 2, condensation shield
a: Renounce Religion, Potion Petition, Call Merchant, Bribe Branch


You were on level 7 of the Dungeon.
You worshipped Gozag.
Gozag was aware of your devotion.
You visited 2 branches of the dungeon, and saw 8 of its levels.

You collected 365 gold pieces.
You paid 88 gold pieces to Gozag.

Inventory:

Hand Weapons
 k - a +0 spear
   (You found it on level 1 of the Dungeon)
 r - a +3 flail of protection
   (You took it off an orc on level 4 of the Dungeon)
 v - a +0 dagger of venom (weapon)
   (You took it off an orc on level 4 of the Dungeon)
Missiles
 i - 12 poisoned darts (quivered)
Armour
 a - a +0 robe (worn)
 b - a +0 pair of boots (worn)
   (You found it on level 4 of the Dungeon)
 e - a +1 helmet (worn)
   (You took it off Robin on level 2 of the Dungeon)
 n - a +0 pair of gloves
   (You found it on level 6 of the Dungeon)
 q - the +3 leather armour of Gaerph {Str+2}
   (You found it on level 4 of the Dungeon)

   Str:       It affects your strength (+2).
 x - a +0 cloak (worn)
   (You took it off Crazy Yiuf on level 5 of the Dungeon)
Jewellery
 j - an amulet of guardian spirit (around neck) {Spirit}
   (You found it on level 1 of the Dungeon)
 l - a ring of fire {rF+, rC-}
   (You found it on level 2 of the Dungeon)
 w - an amulet of magic regeneration
   (You found it on level 5 of the Dungeon)
Wands
 y - a wand of flame (14)
   (You found it on level 6 of the Dungeon)
Scrolls
 d - 8 scrolls of identify {@r1}
 h - 2 scrolls of enchant armour
 t - a scroll of teleportation {unknown}
 z - a scroll of amnesia {unknown}
 A - 2 scrolls of blinking {unknown}
Potions
 c - a potion of heal wounds {@q2}
 f - 3 potions of flight {unknown}
 g - a potion of mutation {unknown}
 m - a potion of degeneration {!q}
 o - a potion of might {unknown}
 p - a potion of berserk rage {unknown}
 s - a potion of curing {@q1}
 u - 2 potions of brilliance
 B - a potion of magic


   Skills:
 - Level 1.7 Dodging
 - Level 1.7 Stealth
 - Level 2.0 Spellcasting
 + Level 9.0 Conjurations
 + Level 4.7 Translocations


You had 3 spell levels left.
You knew the following spells:

 Your Spells              Type           Power      Damage    Failure   Level
c - Iskenderun's Mystic   Conj/Tloc      31%        2d8       9%          4
x - Searing Ray           Conj           80%        2d7       1%          2
y - Shock                 Conj/Air       84%        1d8       2%          1
z - Magic Dart            Conj           100%       1d8       1%          1

Your spell library contained the following spells:

 Spells                   Type           Power      Damage    Failure   Level
 Dazzling Flash           Conj/Hex       42%        N/A       7%          3
 Swiftness                Air            2%         N/A       41%         3
 Fulminant Prism          Conj/Hex       10%        3d8       22%         4
 Airstrike                Air            1%         2d(1-17)  82%         4


Dungeon Overview and Level Annotations

Branches:
Dungeon (7/15)             Temple (1/1) D:6

Altars:
Ashenzari
Dithmenos
Fedhas
Gozag
Hepliaklqana
Okawaru
Qazlal
Ru
Sif Muna
Trog
Uskayaw
Vehumet
Wu Jian
Xom
Yredelemnul

Annotations:
D:2 Terence
D:4 exclusion: black bear, Blork the orc, Eustachio, Sigmund
D:5 exclusion: jelly
D:7 Pikel


Innate Abilities, Weirdness & Mutations

You have large cloven feet.
You sometimes emit foul miasma when damaged in melee.
A meltable shield of frost defends you. (SH +4)


Message History

The killer bee barely misses you.
The bolt of light misses the killer bee.
The bolt of light hits the killer bee!
You kill the killer bee!
The bolt of light hits the ogre!
The ogre is blinded.
You feel sick. The killer bee barely misses you. The killer bee misses you.
You have reached level 8!
You feel agile.
Your demonic ancestry asserts itself...
Your foul stench grows more powerful.
The bolt of light misses the killer bee.
The bolt of light misses the ogre.
You feel sick.
The killer bee is distracted by your dazzling golden aura.
The bolt of light hits the killer bee!
The killer bee is no longer distracted by gold.
The killer bee buzzes angrily.
The killer bee is blinded.
The bolt of light hits the ogre!
You kill the ogre!
You feel sick. The killer bee closely misses you.
You block the killer bee's attack.
Your Conjurations skill increases to level 9!
The bolt of light misses the killer bee.
You feel sick. The killer bee stings you. The killer bee closely misses you.
The bolt of light misses the killer bee.
You feel sick. You block the killer bee's attack.
The killer bee closely misses you.
The bolt of light misses the killer bee.
You feel sick.
You are no longer poisoned.
The killer bee barely misses you. The killer bee closely misses you.
The bolt of light misses the killer bee.
The now-empty wand crumbles to dust.
The killer bee stings you.
You are poisoned.
The killer bee poisons you!
You emit a cloud of foul miasma!
The killer bee is engulfed in dark miasma.
The killer bee is poisoned.
You kill the killer bee!
You start resting.
You feel sick. x8
You are no longer poisoned.
You start resting.
You feel a little less clever now.
You start resting.
You now have 242 gold pieces (gained 5).
You now have 272 gold pieces (gained 30).
Things that are here:
a +0 giant spiked club; a scroll of noise {!r} You now have 277 gold pieces (gained 5).
Things that are here:
a +0 giant spiked club; a scroll of noise {!r} You see here 6 boomerangs.
You see here a +0 scale mail.
Found a stone staircase leading down.
There is a stone staircase leading down here.
A - 2 scrolls labelled ZOAMIT ZUHOETI (gained 1)
Found a stone staircase leading up.
f - 3 silvery potions (gained 1)
t - a scroll labelled GIGUHY BAODET
B - a potion of magic Pikel and a lemure come into view.
Pikel is wielding a +1 whip of electrocution.
A lemure comes into view.
Okay, then.
Aim: a lemure (asleep, 100% to hit)
The searing ray hits the lemure.
The lemure shouts! (Press . to maintain the ray.)
The lemure shouts!
A lemure comes into view.
Aim: a lemure (lightly wounded, 77% to hit)
The searing ray hits Pikel.
The searing ray hits the lemure. (Press . to maintain the ray.)
The searing ray hits Pikel.
The searing ray hits the lemure.
The searing ray hits Pikel!
The searing ray hits the lemure.
The searing ray hits the lemure but does no damage.
Pikel hits you with a +1 whip of electrocution!
The searing ray hits Pikel but does no damage.
The searing ray hits the lemure!
The searing ray hits the lemure.
You finish channelling your searing ray.
You hear a shout!
Pikel closely misses you.
Aim: a lemure (moderately wounded, 77% to hit)
The searing ray hits Pikel.
The searing ray misses the lemure.
The searing ray hits the lemure. (Press . to maintain the ray.) Pikel hits you with a +1 whip of electrocution.
The searing ray misses Pikel.
The searing ray hits the lemure!
You kill the lemure!
That felt strangely unrewarding.
The searing ray hits the lemure.
You block Pikel's attack.
The searing ray hits Pikel!
The searing ray hits the lemure.
Pikel hits you with a +1 whip of electrocution.
You are electrocuted!
You closely miss Pikel.
Pikel hits you with a +1 whip of electrocution!
You are electrocuted!
* * * LOW HITPOINT WARNING * * *
You emit a cloud of foul miasma!
Pikel attacks as you move away! Pikel hits you but does no damage.
You are electrocuted!
You die...
Your body crumbles into a pile of gold.

###...###
.......
#.....$5
#...5.. #.#...#
#.##...5K
#.......#
######.##
#.@K55..#
#.####..#
#.####..#......
#.##....#.....
#.##.##.#....
#.......#...
####.####.. ...
#.....##.# ..#
#.###.##.## ..#


You could see Pikel and 2 lemures.

Vanquished Creatures
  An ice beast (D:6)
  An ogre (D:7)
  A lemure (D:7)
  3 scorpions
  4 killer bees (D:7)
  A jelly (D:5)
  Crazy Yiuf (D:5)
  3 hounds (D:5)
  2 orc priests (D:5)
  6 orc wizards
  2 iguanas (D:5)
  Robin (D:2)
  9 adders
  A white imp (D:5)
  2 worms
  2 dart slugs
  15 orcs
  A bat (D:2)
  5 endoplasms
  A giant cockroach (D:2)
  12 goblins
  12 hobgoblins
  4 jackals (D:4)
  3 quokkas
  2 ball pythons
  3 frilled lizards
  2 rats
100 creatures vanquished.

Vanquished Creatures (others)
  A plant (D:4)
1 creature vanquished.

Grand Total: 101 creatures vanquished

Notes
Turn   | Place    | Note
-------+----------+-------------------------------------------
     0 | D:1      | domi the Demonspawn Conjurer began the quest for the Orb.
     0 | D:1      | Reached XP level 1. HP: 13/13 MP: 3/3
   589 | D:1      | Gained mutation: You may rarely emit foul miasma when
                  | damaged in melee. [demonic ancestry]
   589 | D:1      | Reached XP level 2. HP: 19/19 MP: 1/5
   945 | D:2      | Noticed Robin
  1036 | D:2      | Noticed Terence
  1182 | D:2      | Found a faded altar of an unknown god.
  1194 | D:2      | Killed Robin
  1195 | D:2      | Reached skill level 5 in Conjurations
  1195 | D:2      | Gained mutation: A meltable shield of frost defends you.
                  | (SH +4) [demonic ancestry]
  1195 | D:2      | Reached XP level 3. HP: 17/24 MP: 1/6
  1205 | D:2      | HP: 3/24 [hobgoblin[Robin] (5)]
  1206 | D:2      | HP: 1/24 [hobgoblin[Robin] (2)]
  1230 | D:2      | Learned a level 2 spell: Searing Ray
  1882 | D:3      | Found a hazy altar of Hepliaklqana.
  2104 | D:3      | Reached XP level 4. HP: 30/30 MP: 3/7
  2723 | D:4      | Noticed Eustachio
  2729 | D:4      | Noticed Sigmund
  2767 | D:4      | Noticed a black bear
  3012 | D:4      | Reached skill level 6 in Conjurations
  3148 | D:4      | Reached XP level 5. HP: 33/35 MP: 0/8
  3285 | D:4      | Identified the +3 leather armour of Gaerph {Str+2}
  3292 | D:4      | Found a radiant altar of Vehumet.
  3292 | D:4      | Noticed Blork the orc
  3497 | D:4      | Reached skill level 7 in Conjurations
  3623 | D:3      | Learned a level 4 spell: Iskenderun's Mystic Blast
  4032 | D:5      | Entered Level 5 of the Dungeon
  4057 | D:5      | Reached XP level 6. HP: 41/41 MP: 2/9
  4064 | D:5      | Reached skill level 1 in Translocations
  4472 | D:5      | Reached skill level 2 in Translocations
  4485 | D:5      | Found a stormy altar of Qazlal.
  4490 | D:5      | HP: 7/41 [something/magic dart (5)]
  4504 | D:5      | HP: 4/41 [something/magic dart (7)]
  4681 | D:5      | Gained mutation: You have large cloven feet. [demonic
                  | ancestry]
  4681 | D:5      | Reached XP level 7. HP: 41/46 MP: 4/10
  4756 | D:5      | Learned a level 1 spell: Shock
  4929 | D:5      | Reached skill level 8 in Conjurations
  5066 | D:5      | Reached skill level 3 in Translocations
  5220 | D:5      | Found a hide-covered altar of Uskayaw.
  5448 | D:5      | Found a runed translucent door.
  5449 | D:5      | Noticed Crazy Yiuf
  5710 | D:5      | HP: 5/46 [Crazy Yiuf/+3 quarterstaff of chaos (9)]
  5711 | D:5      | Killed Crazy Yiuf
  5714 | D:5      | HP: 2/46 [poisoned by Crazy Yiuf]
  6032 | D:6      | HP: 9/46 [ice beast (10)]
  6037 | D:6      | HP: 8/46 [/a scroll of torment (3)]
  6291 | D:6      | Found a staircase to the Ecumenical Temple.
  6297 | Temple   | Entered the Ecumenical Temple
  6430 | Temple   | Became a worshipper of Gozag Ym Sagoz the Greedy
  6514 | D:6      | Reached skill level 4 in Translocations
  6688 | D:6      | Found a broken altar of Ashenzari.
  6786 | D:6      | Found a blossoming altar of Fedhas.
  6836 | D:6      | Found a shadowy altar of Dithmenos.
  7017 | D:6      | Found a sacrificial altar of Ru.
  7248 | D:7      | Gained mutation: You sometimes emit foul miasma when
                  | damaged in melee. [demonic ancestry]
  7248 | D:7      | Reached XP level 8. HP: 46/52 MP: 2/11
  7250 | D:7      | Reached skill level 9 in Conjurations
  7606 | D:7      | Noticed Pikel
  7620 | D:7      | HP: 9/52 [Pikel/+1 whip of electrocution (8)]
  7621 | D:7      | Slain by Pikel

Illustrated notes

Levels and vault maps discovered:
D:1:      dpeg_arrival_connections, layout_loops_ring, minmay_misc_feat_pillars
D:2:      layout_basic, hellmonk_ecumenical_altar_arch_garden, uniq_terence,
          uniq_robin
D:3:      layout_loops_ring, mainiacjoe_overflow_catwalk, nrook_mini_vaults,
          minmay_misc_feat_enclosed
D:4:      layout_basic, vehumet_crystals, tso_oasis_becter, minmay_surrounded,
          uniq_sigmund, uniq_blork_the_orc, uniq_eustachio
D:5:      layout_loops_cross, overflow_temple_1_default,
          nicolae_uskayaw_suspiria, kennysheep_opposing_triangles,
          uniq_crazy_yiuf_cottage
D:6:      layout_basic, lemuel_round_altar, kennysheep_little_box,
          nicolae_dithmenos_shadow_blocks, mainiacjoe_overflow_24_doors,
          minmay_temple_entry_nine_rooms
D:7:      layout_loops_cross, serial_shops, nicolae_shop_stone, uniq_pikel,
          uniq_menkaure
Temple:   nicolae_temple_godpark

Skill      XL: |  1  2  3  4  5  6  7  8 |
---------------+-------------------------+-----
Conjurations   | 5 6 7 8 9 |  9.0
Translocations | 2 4 |  4.7
Dodging        | |  1.7
Stealth        | |  1.7
Spellcasting   | |  2.0

Action                     |  1- 3 |  4- 6 |  7- 9 || total
---------------------------+-------+-------+-------++-------
  Melee: Unarmed           |     4 |       |       ||     4
         Spear             |     7 |    17 |       ||    24
         Flail             |       |    11 |       ||    11
         Dagger            |       |    23 |    14 ||    37
         Punch             |       |       |     1 ||     1
  Throw: Dart              |     8 |       |       ||     8
   Cast: Magic Dart        |    55 |    80 |     4 ||   139
         Searing Ray       |       |     7 |     4 ||    11
         Shock             |       |       |    91 ||    91
  Evoke: Wand              |       |       |     8 ||     8
    Use: Potion            |     2 |     4 |     4 ||    10
         Scroll            |       |       |     6 ||     6
 Armour: Robe              |     6 |    11 |    13 ||    30
         Skin              |       |       |     4 ||     4
  Dodge: Dodged            |    14 |    41 |    32 ||    87
  Block: Other             |     2 |    12 |    13 ||    27

Table legend: (Time is in decaauts)
 A = Elapsed time spent in this place.
 B = Non-inter-level travel time spent in this place.
 C = Inter-level travel time spent in this place.
 D = Time resting spent in this place.
 E = Time spent auto-exploring this place.
 F = Levels seen in this place.
 G = Mean time per level.
                   A        B        C        D        E       F      G
               +--------+--------+--------+--------+--------+-----+--------+
         Total |   7623 |   7318 |    305 |   1228 |   5187 |   8 |  952.9 |
       Dungeon |   7469 |   7174 |    295 |   1228 |   5065 |   7 | 1067.0 |
        Temple |    153 |    143 |     10 |      0 |    122 |   1 |  153.0 |
               +--------+--------+--------+--------+--------+-----+--------+

Top non-repeatable levels by time:
     D:5: 1907 daAuts
     D:4: 1283 daAuts
     D:1: 1067 daAuts
     D:6: 948 daAuts
     D:3: 929 daAuts
     D:2: 785 daAuts
     D:7: 546 daAuts
  Temple: 153 daAuts

Table legend:
 A = Kills in this place as a percentage of kills in entire the game.
 B = Kills by you in this place as a percentage of kills by you in the entire game.
 C = Kills by friends in this place as a percentage of kills by friends in the entire game.
 D = Other kills in this place as a percentage of other kills in the entire game.
 E = Experience gained in this place as a percentage of experience gained in the entire game.
 F = Experience gained in this place divided by the number of levels of this place that you have seen.
                   A       B       C       D       E      F
               +-------+-------+-------+-------+-------+----------------------
         Total | 100.0 | 100.0 |   N/A |   N/A | 100.0 | 205.8
       Dungeon | 100.0 | 100.0 |   N/A |   N/A | 100.0 | 235.1
               +-------+-------+-------+-------+-------+----------------------
